 Dungeon Crawl Stone Soup version 0.31-a0-978-g1e143483b6 (webtiles) character file.

Game seed: 3003838883675306071

49 Arcadio the Trooper (level 3, 0/33 HPs)
             Began as a Ghoul Monk on Oct 30, 2023.
             Slain by a cerulean imp
             ... wielding a +1 spear
             ... summoned by Natasha
              (6 damage)
             ... on level 2 of the Dungeon.
             The game lasted 00:01:41 (948 turns).

Arcadio the Trooper (Ghoul Monk)                     Turns: 948, Time: 00:01:41

Health: 0/33       AC:  4    Str: 16    XL:     3   Next: 75%
Magic:  2/2        EV: 12    Int:  5    God:
Gold:   26         SH:  0    Dex: 11    Spells: 2/2 levels left

rFire   . .          .
                       - Unarmed
rCold   + . .        c - orb {light}
rNeg    + + +        a - +0 robe
rPois   ∞            h - +0 helmet
rElec   .            (no cloak)
rCorr   .            d - +0 pair of gloves
SInv    .            (no boots)
Will    .....        (no amulet)
Stlth   +            (no ring)
HPRegen 0.00/turn    (no ring)
MPRegen 0.08/turn

%: no passive effects
@: inhibited regen, glowing
A: claws 1, cold resistance 1, negative energy resistance 3, inhibited
regeneration, torment resistance 2, devour on kill
a: no special abilities


You were on level 2 of the Dungeon.
You visited 1 branch of the dungeon, and saw 2 of its levels.

You collected 26 gold pieces.

Inventory:

Armour
 a - a +0 robe (worn)
 c - an orb of light (worn)
 d - a +0 pair of gloves (worn)
 h - a +0 helmet (worn)
Jewellery
 l - a ring of ice
Scrolls
 f - a scroll of identify {unknown}
 g - a scroll of noise {unknown}
 j - a scroll of summoning {unknown}
Potions
 b - a potion of ambrosia
 e - 2 potions of curing {unknown}
 i - a potion of berserk rage {unknown}
 k - a potion of heal wounds {unknown}


   Skills:
 + Level 4.0 Fighting
 + Level 3.2 Dodging
 + Level 3.9 Unarmed Combat


You had 2 spell levels left.
You didn't know any spells.
Your spell library was empty.

Dungeon Overview and Level Annotations

Branches:
Dungeon (2/15) Zot: 11056

Altars:

Annotations:
D:2 Natasha


Innate Abilities, Weirdness & Mutations

You are immune to poison.
You have sharp fingernails.
Your flesh is cold resistant. (rC+)
You are immune to negative energy. (rN+++)
You do not regenerate when monsters are visible.
You are immune to unholy pain and torment.
You thrive by killing the living.


Message History

You hit the frilled lizard.
You kill the frilled lizard!
Things that are here:
a frilled lizard corpse; a jackal corpse; a jackal corpse A ball python comes into view.
A bat comes into view.
The bat hits you but does no damage.
You hit the bat.
You kill the bat!
The ball python barely misses you. The ball python grabs you.
The ball python constricts you.
You punch the ball python!
You kill the ball python!
Your Fighting skill increases to level 4!
You see here a ball python corpse.
Natasha, Servant of Life and Death comes into view.
Natasha hisses angrily.
Natasha casts a spell.
You see here a ring of ice.
l - a ring of ice Natasha stares at you and mumbles some strange words.
The magic dart hits you but does no damage.
Natasha casts a spell at you. The magic dart hits you!
A ball python comes into view.
The ball python hisses angrily.
Natasha casts a spell.
The cerulean imp hits you but does no damage.
The cerulean imp hits you from afar with a +1 spear.
The cerulean imp attacks as it pursues you!
The cerulean imp hits you from afar with a +2 spear.
The cerulean imp hits you from afar with a +1 spear.
The cerulean imp attacks as it pursues you!
The cerulean imp hits you from afar with a +2 spear.
The cerulean imp attacks as it pursues you!
The cerulean imp hits you from afar with a +1 spear.
The cerulean imp hits you from afar with a +2 spear.
* * * LOW HITPOINT WARNING * * *
The cerulean imp hits you from afar with a +1 spear.
You die...

..# #.# #.### #.
....# # #. #...##.#
#. #.....$ ###.###
#...#
#.>...#####@..#
###........##...#
.........#S5h5..###
##...?5###..#......
#......#.......###
###$##....#.....##
#..............#
....>.#.#.#.....##
...............##


You could see Natasha and a cerulean imp (summoned).

Vanquished Creatures
  An adder (D:2)
  An endoplasm (D:1)
  3 giant cockroaches
  4 goblins (D:1)
  5 hobgoblins (D:1)
  2 jackals (D:2)
  A quokka (D:1)
  4 ball pythons
  5 bats
  5 frilled lizards
  2 kobolds (D:1)
  3 rats (D:1)
36 creatures vanquished.

Notes
Turn   | Place    | Note
-------+----------+-------------------------------------------
     0 | D:1      | Arcadio the Ghoul Monk began the quest for the Orb.
     0 | D:1      | Reached XP level 1. HP: 19/19 MP: 0/0
   109 | D:1      | Reached XP level 2. HP: 24/26 MP: 1/1
   469 | D:1      | Reached XP level 3. HP: 33/33 MP: 2/2
   933 | D:2      | Reached skill level 4 in Fighting
   934 | D:2      | Noticed Natasha
   948 | D:2      | Slain by a cerulean imp

Illustrated notes

Levels and vault maps discovered:
D:1:      dpeg_arrival_stone_temple_mockup, layout_basic, serial_park_tiny_2
D:2:      layout_loops_ring, basic_altar, kennysheep_donut,
          hangedman_decor_riveting, uniq_natasha

Skill      XL: |  1  2  3 |
---------------+----------+-----
Dodging        | 3 |  3.2
Fighting       | 4 |  4.0
Unarmed Combat | |  3.9

Action                     || total
---------------------------++-------
  Melee: Unarmed           ||    86
 Armour: Robe              ||    44
  Dodge: Dodged            ||    49

Table legend: (Time is in decaauts)
 A = Elapsed time spent in this place.
 B = Non-inter-level travel time spent in this place.
 C = Inter-level travel time spent in this place.
 D = Time resting spent in this place.
 E = Time spent auto-exploring this place.
 F = Levels seen in this place.
 G = Mean time per level.
                   A        B        C        D        E       F      G
               +--------+--------+--------+--------+--------+-----+--------+
         Total |    942 |    904 |     38 |      0 |    685 |   2 |  471.0 |
       Dungeon |    942 |    904 |     38 |      0 |    685 |   2 |  471.0 |
               +--------+--------+--------+--------+--------+-----+--------+

Top non-repeatable levels by time:
     D:1: 765 daAuts
     D:2: 177 daAuts
